[Event "Titled Tuesday Blitz August 08 Early 2023"]
[White "Fominykh, Maria"]
[Black "Degenbaev, Aziz"]
[WhiteFideId "4142411"]
[BlackFideId "13802640"]
[WhiteElo "2126"]
[BlackElo "2552"]
[Result "1-0"]
[Round "1"]
[TimeControl "180+1"]
[Date "2023.08.08"]
[WhiteClock "0:00:14"]
[BlackClock "0:01:08"]
[Board "249"]

1. d4 g6 2. c4 Bg7 3. Nc3 d6 4. Nf3 Nc6 5. h3 e5 6. d5 Nce7 7. e4 h6 8. Bd3 f5 9. Qc2 Nf6 10. Nh4 f4 11. g4 fxg3 12. fxg3 O-O 13. Be3 Nh5 14. Qg2 c6 15. O-O-O Bd7 16. Be2 Nf6 17. dxc6 Bxc6 18. c5 Rc8 19. cxd6 Nf5 20. Bc4+ Kh7 21. Nxf5 gxf5 22. Kb1 Nxe4 23. Be6 Nxc3+ 24. bxc3 Bxg2 25. Bxc8 Bxh1 26. d7 Be4+ 27. Kb2 f4 28. gxf4 exf4 29. Bxa7 Bxc3+ 30. Kxc3 Qa5+ 31. Kd4 Qxa7+ 32. Kxe4 Qa4+ 33. Rd4 Qd1 34. Rxd1 1-0


[Site "https://www.chess.com"]

[Event "Titled Tuesday Blitz August 08 Early 2023"]
[White "Colbow, Collin"]
[Black "Haukenfrers, Dale"]
[WhiteFideId "16201132"]
[BlackFideId "2603780"]
[WhiteElo "2551"]
[BlackElo "2109"]
[Result "1-0"]
[Round "1"]
[TimeControl "180+1"]
[Date "2023.08.08"]
[WhiteClock "0:00:37"]
[BlackClock "0:00:44"]
[Board "250"]

1. d4 d6 2. Bf4 c6 3. Nf3 Nf6 4. e3 Rg8 5. h3 g5 6. Bxg5 Rxg5 7. Nxg5 Qa5+ 8. Nc3 Qxg5 9. Qd2 Na6 10. O-O-O Nb4 11. a3 Na6 12. g4 Bg7 13. f4 Qa5 14. Kb1 Rb8 15. Bg2 Bd7 16. g5 Nd5 17. Nxd5 Qxd2 18. Rxd2 cxd5 19. Bxd5 b5 20. Be4 b4 21. axb4 Nxb4 22. Bxh7 a5 23. e4 a4 24. c3 Nc6 25. Ka2 Na5 26. Bf5 Bxf5 27. exf5 Rb5 28. d5 Nc4 29. Re2 Rxd5 30. Rhe1 Bf8 31. f6 e6 32. Re4 Nd2 33. Rxa4 Rd3 34. Ra8+ Kd7 35. Rxf8 Rd5 36. Rxf7+ Kc6 37. Ra7 Rf5 38. Re2 Kb6 39. Rxd2 Kxa7 40. Rxd6 Rxf4 41. Rxe6 Re4 42. Rxe4 Ka6 43. Rb4 Ka5 44. f7 Ka6 45. f8=Q Ka5 46. Qa8# 1-0


[Site "https://www.chess.com"]

[Event "Titled Tuesday Blitz August 08 Early 2023"]
[White "Novikova, Margarita"]
[Black "Palczert, Matyas"]
[WhiteFideId "14109689"]
[BlackFideId "784958"]
[WhiteElo "2106"]
[BlackElo "2551"]
[Result "0-1"]
[Round "1"]
[TimeControl "180+1"]
[Date "2023.08.08"]
[WhiteClock "0:00:00"]
[BlackClock "0:01:10"]
[Board "251"]

1. e4 c5 2. Nc3 e6 3. d3 d5 4. g3 Nf6 5. Bg2 Nc6 6. Bg5 Be7 7. exd5 exd5 8. Bxf6 Bxf6 9. Qe2+ Be6 10. Nxd5 Bxb2 11. Rb1 Nd4 12. Qe4 f5 13. Qh4 Bxd5 14. Qxd8+ Rxd8 15. Bxd5 Bc3+ 16. Kf1 Rxd5 17. Rxb7 O-O 18. Rxa7 Nxc2 19. Nf3 Rxd3 20. Kg2 Bf6 21. Rc1 Rc3 22. Rd1 Nd4 0-1


[Site "https://www.chess.com"]

[Event "Titled Tuesday Blitz August 08 Early 2023"]
[White "Baghdasaryan, Vahe"]
[Black "Thorsteinsdottir, Hallgerdur"]
[WhiteFideId "13303139"]
[BlackFideId "2302454"]
[WhiteElo "2550"]
[BlackElo "2105"]
[Result "0-1"]
[Round "1"]
[TimeControl "180+1"]
[Date "2023.08.08"]
[WhiteClock "0:00:00"]
[BlackClock "0:00:05"]
[Board "252"]

1. e4 d5 2. exd5 Qxd5 3. Nc3 Qd8 4. d4 Nf6 5. Nf3 Bg4 6. Be2 e6 7. h3 Bh5 8. Be3 c6 9. g4 Bg6 10. Ne5 Nbd7 11. Nxg6 hxg6 12. Bf3 Nd5 13. Nxd5 cxd5 14. c3 Bd6 15. a4 Qc7 16. a5 Bf4 17. Qd2 g5 18. Bxf4 Qxf4 19. Qxf4 gxf4 20. Kd2 g5 21. b4 a6 22. Rh2 O-O-O 23. Rah1 Rh4 24. Be2 Rdh8 25. f3 Rf8 26. b5 axb5 27. Bxb5 Nb8 28. Rb1 Rfh8 29. Bf1 Nc6 30. a6 bxa6 31. Bxa6+ Kd8 32. Bf1 Kc7 33. Ra1 Rb8 34. Kd3 Rb3 35. Rha2 Rh8 36. Kd2 Rhb8 37. Rc2 Rb2 38. Bd3 f6 39. Bf1 e5 40. dxe5 fxe5 41. Re1 Kd6 42. Bd3 R8b3 43. Bf5 d4 44. cxd4 Nxd4 45. Rxb2 Rxb2+ 46. Kc3 Rf2 47. Be4 Nxf3 48. Rd1+ Nd4 49. Rh1 Re2 50. Bd3 Re3 51. h4 Kd5 52. Rg1 e4 53. hxg5 Rxd3+ 54. Kb2 Nf3 55. g6 Rd2+ 56. Kc1 Ke6 57. Rf1 Rd8 0-1


[Site "https://www.chess.com"]

[Event "Titled Tuesday Blitz August 08 Early 2023"]
[White "Mitrovic, Darko R"]
[Black "Moral Garcia, Serafin"]
[WhiteFideId "927023"]
[BlackFideId "2201925"]
[WhiteElo "2097"]
[BlackElo "2550"]
[Result "1/2-1/2"]
[Round "1"]
[TimeControl "180+1"]
[Date "2023.08.08"]
[WhiteClock "0:00:04"]
[BlackClock "0:00:22"]
[Board "253"]

1. d4 Nf6 2. Nf3 g6 3. g3 Bg7 4. Bg2 d5 5. O-O O-O 6. Nbd2 c6 7. c4 dxc4 8. Nxc4 Be6 9. b3 Nbd7 10. Bb2 Nb6 11. Rc1 Bd5 12. e3 Ne4 13. Qe2 a5 14. Nxb6 Qxb6 15. Nd2 Nxd2 16. Qxd2 Bxg2 17. Kxg2 a4 18. b4 a3 19. Bc3 Rfd8 20. Qc2 Qb5 21. Rb1 Qc4 22. Rfc1 Rd5 23. Be1 Qb5 24. Qc4 e5 25. Qxb5 Rxb5 26. dxe5 Bxe5 27. Bc3 Bxc3 28. Rxc3 Ra4 29. Rbb3 Rbxb4 30. Rxb4 Rxb4 31. Rxa3 Rb2 32. h4 h5 33. Kf3 Kg7 34. Ra8 Kf6 35. a4 Ke6 36. a5 c5 37. Rb8 Rb5 38. Kf4 c4 39. Ke4 Rxa5 40. Rxb7 Ra2 41. f4 Rg2 42. Rb6+ Ke7 43. Rc6 Rxg3 44. Rxc4 Rg4 45. Rc7+ Kf6 46. Rc6+ Kg7 47. Ke5 Rxh4 48. f5 g5 49. e4 Rh1 50. Rc8 g4 51. f6+ Kh7 52. Rf8 g3 53. Rxf7+ Kh6 54. Rg7 h4 55. Rg8 Rf1 56. Ke6 Kh5 57. e5 Rf2 58. f7 g2 59. Rxg2 Rxg2 60. f8=Q h3 61. Qh8+ Kg4 62. Qg7+ Kf3 63. Qf6+ Kg3 64. Qg5+ Kf3 65. Qh5+ Kg3 66. Qg5+ Kf3 67. Qh5+ Kg3 68. Qg5+ 1/2-1/2


[Site "https://www.chess.com"]

[Event "Titled Tuesday Blitz August 08 Early 2023"]
[White "Zubarev, Alexander"]
[Black "Hartikainen, Jarmo"]
[WhiteFideId "14104385"]
[BlackFideId "503134"]
[WhiteElo "2549"]
[BlackElo "2090"]
[Result "1-0"]
[Round "1"]
[TimeControl "180+1"]
[Date "2023.08.08"]
[WhiteClock "0:00:11"]
[BlackClock "0:00:16"]
[Board "254"]

1. e4 c5 2. Nf3 Nc6 3. Bb5 e6 4. Bxc6 bxc6 5. d3 Ne7 6. Qe2 Ng6 7. h4 h5 8. e5 Be7 9. g3 Qc7 10. Qe4 Rb8 11. Na3 Rb4 12. Nc4 Ba6 13. b3 Bxc4 14. dxc4 d5 15. exd6 Qxd6 16. Bd2 Rb8 17. O-O-O a5 18. Bf4 Nxf4 19. Rxd6 Bxd6 20. Qxf4 Bxf4+ 21. gxf4 Ke7 22. Ne5 Rbc8 23. a4 Rh6 24. Rg1 Rf6 25. Nd3 Kf8 26. Kd2 Rd8 27. Ke3 Rd4 28. c3 Rd8 29. Ne5 Rc8 30. Nd7+ Ke7 31. Nxf6 Kxf6 32. Kd3 Rb8 33. Kc2 Rd8 34. Rg5 g6 35. Rxc5 Rd6 36. Rxa5 Ke7 37. Ra7+ Kf6 38. a5 Kf5 39. Rxf7+ Kg4 40. b4 Kxh4 41. a6 Rd8 42. a7 Ra8 43. b5 cxb5 44. cxb5 Kg4 45. b6 h4 46. Rb7 h3 47. Rh7 Kxf4 48. Rxh3 g5 49. b7 Rxa7 50. b8=Q+ e5 51. Qxa7 1-0


[Site "https://www.chess.com"]

[Event "Titled Tuesday Blitz August 08 Early 2023"]
[White "Lakshmi C"]
[Black "Shvedova, Alexandra"]
[WhiteFideId "25035347"]
[BlackFideId "54154782"]
[WhiteElo "2088"]
[BlackElo "2548"]
[Result "0-1"]
[Round "1"]
[TimeControl "180+1"]
[Date "2023.08.08"]
[WhiteClock "0:00:00"]
[BlackClock "0:00:38"]
[Board "255"]

1. e4 e5 2. Nf3 Nc6 3. Bb5 Nf6 4. O-O Nxe4 5. Re1 Nd6 6. Nxe5 Be7 7. Bf1 O-O 8. d4 Bf6 9. c4 Re8 10. Bf4 Nf5 11. Nxc6 dxc6 12. Rxe8+ Qxe8 13. Bxc7 Nxd4 14. Nc3 Bf5 15. Bd3 Qd7 16. Bxf5 Qxc7 17. Be4 Re8 18. Qh5 g6 19. Qg4 h5 20. Qh3 Qf4 21. Qd3 Be5 22. g3 Qf6 23. Bg2 h4 24. Ne4 Qg7 25. f4 Bc7 26. Rd1 Ne6 27. Qf1 f5 28. Nc3 Bb6+ 29. Kh1 Nd4 30. Qd3 Qe7 31. Qf1 Qe3 32. a3 hxg3 33. hxg3 Qxg3 34. Rd3 Qh4+ 35. Rh3 Qe1 36. Kh2 Qxf1 37. Bxf1 Ne6 38. Rf3 Nxf4 0-1


[Site "https://www.chess.com"]

[Event "Titled Tuesday Blitz August 08 Early 2023"]
[White "Geivondian, Arman"]
[Black "Semenova, Alina"]
[WhiteFideId "24102032"]
[BlackFideId "24113875"]
[WhiteElo "2547"]
[BlackElo "2074"]
[Result "0-1"]
[Round "1"]
[TimeControl "180+1"]
[Date "2023.08.08"]
[WhiteClock "0:01:31"]
[BlackClock "0:00:36"]
[Board "256"]

1. e4 e6 2. d4 d5 3. exd5 exd5 4. Nf3 Nf6 5. Bd3 Bd6 6. O-O O-O 7. Bg5 Bg4 8. Nc3 c6 9. Qd2 Nbd7 10. Rae1 Bxf3 11. gxf3 Qc7 12. Kh1 Rfe8 13. Rg1 Kh8 14. Rg2 Rxe1+ 15. Qxe1 Re8 16. Qg1 Bf8 17. Ne2 g6 18. Ng3 Qa5 19. c3 Qxa2 20. Qb1 Qxb1+ 21. Bxb1 Re1+ 22. Rg1 Rxg1+ 23. Kxg1 h6 24. Bf4 Kg7 25. Kf1 Ne8 26. Ke2 Bd6 27. Bd2 f5 28. h4 f4 29. Nf1 Kf6 30. Nh2 h5 31. b3 Ng7 32. c4 Nf5 33. cxd5 cxd5 34. Bd3 Nxd4+ 35. Kf1 Nf5 36. Bc3+ Be5 37. Bb4 Nxh4 38. Bb5 Nb6 39. Bc5 Nf5 40. Bd3 Nd4 41. b4 Ne6 42. Ke2 Nxc5 43. bxc5 Nd7 44. Bb5 Nxc5 45. Nf1 Bc3 46. Be8 a5 47. Kd1 h4 48. Nh2 g5 49. Kc2 Bd4 50. Bb5 Ke6 51. Ng4 Kd6 52. Bf1 Ne6 53. Bb5 Nc7 54. Bf1 b5 55. Nh6 Kc5 56. Nf7 Bf6 57. Nh6 a4 58. Kb1 b4 59. Ka2 Nb5 60. Ng4 Bg7 61. Bd3 b3+ 62. Kb1 a3 63. Nh2 a2+ 64. Kc1 Bc3 65. Nf1 a1=Q+ 0-1


[Site "https://www.chess.com"]

[Event "Titled Tuesday Blitz August 08 Early 2023"]
[White "Seifert, Henryk"]
[Black "Mendez Fortes, Eduardo Jesus"]
[WhiteFideId "1100963"]
[BlackFideId "3502376"]
[WhiteElo "2074"]
[BlackElo "2546"]
[Result "0-1"]
[Round "1"]
[TimeControl "180+1"]
[Date "2023.08.08"]
[WhiteClock "0:00:00"]
[BlackClock "0:00:15"]
[Board "257"]

1. e4 c5 2. Nf3 d6 3. d4 cxd4 4. Qxd4 Nc6 5. Bb5 Bd7 6. Bxc6 Bxc6 7. Nc3 Nf6 8. Bg5 e6 9. O-O-O Be7 10. e5 dxe5 11. Qxe5 Qb6 12. Be3 Qa6 13. Bc5 Nd7 14. Rxd7 Kxd7 15. Rd1+ Ke8 16. Qxg7 Rf8 17. Bxe7 Kxe7 18. Ne5 Qa5 19. Qg5+ Ke8 20. Qf6 Rd8 21. Re1 Qc7 22. Ng4 Qe7 23. Qg7 f5 24. Qxe7+ Kxe7 25. Ne5 Rg8 26. g3 Rd6 27. f4 Rgd8 28. b4 Bf3 0-1


[Site "https://www.chess.com"]

[Event "Titled Tuesday Blitz August 08 Early 2023"]
[White "Kuzmin, Roman"]
[Black "Kriti Mayur Patel"]
[WhiteFideId "44134932"]
[BlackFideId "35061780"]
[WhiteElo "2545"]
[BlackElo "2074"]
[Result "1-0"]
[Round "1"]
[TimeControl "180+1"]
[Date "2023.08.08"]
[WhiteClock "0:00:05"]
[BlackClock "0:00:08"]
[Board "258"]

1. e4 e5 2. Nf3 Nc6 3. Bb5 a6 4. Ba4 Nf6 5. O-O b5 6. Bb3 Bc5 7. c3 d6 8. d4 Bb6 9. h3 h6 10. Be3 O-O 11. Nbd2 Re8 12. Re1 Bb7 13. d5 Ne7 14. Bxb6 cxb6 15. c4 bxc4 16. Nxc4 b5 17. Ne3 Ng6 18. Nf5 Bc8 19. Ng3 Nf4 20. a4 Rb8 21. axb5 axb5 22. Ra7 Qb6 23. Ra3 Bxh3 24. gxh3 Nxh3+ 25. Kg2 Nxf2 26. Qe2 N2g4 27. Nf5 Rbc8 28. Nh2 h5 29. Bd1 g6 30. Nxg4 Nxg4 31. Ne3 Nf6 32. Nf1 Rc4 33. Re3 Rec8 34. Qf2 Kg7 35. Ng3 Qd4 36. Rf1 Ng4 37. Bxg4 hxg4 38. Qxf7+ Kh6 39. Re2 Rc2 40. Ref2 Rxf2+ 41. Rxf2 Qe3 42. Qf6 Qg5 43. Nf5+ Kh5 44. Qxg5+ Kxg5 45. Nxd6 Rd8 46. Nf7+ Kh4 47. Nxd8 b4 48. Rf8 g3 49. Nf7 g5 50. Nxe5 b3 51. Rh8# 1-0


[Site "https://www.chess.com"]

[Event "Titled Tuesday Blitz August 08 Early 2023"]
[White "Maluco_do_Natal_00"]
[Black "LeoLV10"]
[WhiteElo "2068"]
[BlackElo "2542"]
[Result "0-1"]
[Round "1"]
[TimeControl "180+1"]
[Date "2023.08.08"]
[WhiteClock "0:00:00"]
[BlackClock "0:01:05"]
[Board "259"]

1. e4 c5 2. Nf3 e6 3. d4 cxd4 4. Nxd4 a6 5. c4 Nf6 6. Nc3 Qc7 7. Bd3 b6 8. O-O Bb7 9. Qe2 Nc6 10. Be3 Ne5 11. h3 Bb4 12. Rac1 Nxd3 13. Qxd3 O-O 14. f3 Rad8 15. a3 Be7 16. Qd2 d6 17. Rcd1 Rfe8 18. Qe2 Rc8 19. b3 b5 20. Ncxb5 axb5 21. Nxb5 Qd7 22. e5 Nh5 23. exd6 Bf6 24. Qf2 g6 25. g4 Ng7 26. Nc7 Rf8 27. Bh6 Bd8 28. Nb5 Qc6 29. Kg2 Bb6 30. Be3 Bxe3 31. Qxe3 Ra8 32. a4 Qd7 33. c5 Bc6 34. Nc3 Rab8 35. Rb1 Rb4 36. Ne4 Bxe4 37. fxe4 Qc6 38. Kf3 f5 39. gxf5 Nxf5 0-1


[Site "https://www.chess.com"]

[Event "Titled Tuesday Blitz August 08 Early 2023"]
[White "Dobrikov, Marco"]
[Black "Mangialardo, Tiago Carvalho"]
[WhiteFideId "12950378"]
[BlackFideId "2130718"]
[WhiteElo "2540"]
[BlackElo "2068"]
[Result "1-0"]
[Round "1"]
[TimeControl "180+1"]
[Date "2023.08.08"]
[WhiteClock "0:01:21"]
[BlackClock "0:00:00"]
[Board "260"]

1. d4 Nf6 2. Bf4 c5 3. e3 g6 4. c3 Bg7 5. Nd2 O-O 6. Bd3 d6 7. Ngf3 Nc6 8. h3 Re8 9. Bh2 e5 10. dxe5 dxe5 11. Qc2 Qe7 12. Ne4 Nd5 13. Bb5 f5 14. Ned2 e4 15. Ng1 f4 16. Bc4 Be6 17. Bxd5 Bxd5 18. Bxf4 Ne5 19. Bxe5 Bxe5 20. Ne2 Qg5 21. g3 Bc7 22. Nf4 Bxf4 23. gxf4 Qh5 24. c4 Bc6 25. Qd1 Qh4 26. Qe2 Rad8 27. O-O-O Qf6 28. Nb1 b5 29. cxb5 Bd5 30. Nc3 Bf7 31. Rxd8 Rxd8 32. Rd1 Rb8 33. Nxe4 Qe6 34. Nc3 Qxh3 35. Qd3 Qf3 36. Qd6 Re8 37. Qxc5 Qxf2 38. Qxa7 Rxe3 39. Rd8+ Kg7 40. Qd4+ Kh6 41. Nd1 1-0


[Site "https://www.chess.com"]

[Event "Titled Tuesday Blitz August 08 Early 2023"]
[White "Chincholimath, Halsagar"]
[Black "Bettalli, Francesco"]
[WhiteFideId "5022487"]
[BlackFideId "2816453"]
[WhiteElo "2065"]
[BlackElo "2537"]
[Result "0-1"]
[Round "1"]
[TimeControl "180+1"]
[Date "2023.08.08"]
[WhiteClock "0:00:19"]
[BlackClock "0:00:55"]
[Board "261"]

1. e4 e5 2. Nf3 Nf6 3. Nxe5 Nc6 4. d4 Nxe5 5. dxe5 Nxe4 6. Bd3 Nc5 7. Bc4 Ne6 8. O-O Be7 9. f4 c6 10. f5 Qb6+ 11. Kh1 Nd4 12. f6 gxf6 13. exf6 Bc5 14. Nc3 d5 15. Bxd5 cxd5 16. Nxd5 Qc6 17. Qh5 Be6 18. Ne7 Bxe7 19. fxe7 Rg8 20. Bg5 Qd5 21. h4 Nf5 22. Qg4 Ne3 23. Qg3 Nxf1 24. Rxf1 h6 25. c4 Qxc4 26. Rc1 Qxc1+ 27. Bxc1 Rxg3 0-1


[Site "https://www.chess.com"]

[Event "Titled Tuesday Blitz August 08 Early 2023"]
[White "Deng, Henry"]
[Black "Nikulina, Alena"]
[WhiteFideId "30965454"]
[BlackFideId "4172051"]
[WhiteElo "2536"]
[BlackElo "2058"]
[Result "1-0"]
[Round "1"]
[TimeControl "180+1"]
[Date "2023.08.08"]
[WhiteClock "0:00:25"]
[BlackClock "0:00:15"]
[Board "262"]

1. e4 c5 2. Nc3 e6 3. d4 cxd4 4. Qxd4 Nc6 5. Qe3 Nf6 6. Nf3 d5 7. exd5 Nxd5 8. Nxd5 Qxd5 9. Bd3 Bc5 10. Qe2 O-O 11. O-O Nd4 12. Nxd4 Bxd4 13. c3 Bf6 14. Be3 a6 15. Rfd1 Qe5 16. Qf3 Qc7 17. h3 Bd7 18. Be4 Bc6 19. Bxc6 bxc6 20. Rac1 Rfd8 21. b3 a5 22. Bf4 Qb6 23. c4 a4 24. Rb1 a3 25. Be3 Qc7 26. Qe4 h6 27. Bc5 Rxd1+ 28. Rxd1 Bb2 29. Rd6 Rd8 30. Qd3 Rxd6 31. Qxd6 Qxd6 32. Bxd6 f6 33. Kf1 Kf7 34. Ke2 Ke8 35. Kd3 Kd7 36. Bf8 f5 37. f3 h5 38. Bb4 e5 39. Bd2 Ke6 40. Be3 g6 41. Bg5 c5 42. Bd8 Kd6 43. Ba5 Bd4 44. Bd2 Bb2 45. Bg5 Kc6 46. Be3 Kd6 47. Bd2 Kc6 48. Bh6 Kd6 49. Bf8+ Kc6 50. Be7 Bd4 51. Bf6 Bb2 52. Bg5 Bd4 53. Bc1 Bb2 54. Bxb2 axb2 55. Kc2 e4 56. fxe4 fxe4 57. Kxb2 Kd6 58. Kc2 Ke5 59. Kd2 Kd4 60. a4 e3+ 61. Ke2 Ke4 62. a5 Kd4 63. a6 1-0


[Site "https://www.chess.com"]

[Event "Titled Tuesday Blitz August 08 Early 2023"]
[White "Aepfler, Christian"]
[Black "nycjack1"]
[WhiteFideId "4628306"]
[WhiteElo "2043"]
[BlackElo "2535"]
[Result "1/2-1/2"]
[Round "1"]
[TimeControl "180+1"]
[Date "2023.08.08"]
[WhiteClock "0:00:18"]
[BlackClock "0:00:24"]
[Board "263"]

1. e4 c5 2. c3 Nf6 3. e5 Nd5 4. Nf3 Nc6 5. d4 cxd4 6. cxd4 d6 7. Bc4 Nb6 8. Bb5 dxe5 9. Nxe5 Bd7 10. Bxc6 Bxc6 11. O-O e6 12. Nc3 Be7 13. Nxc6 bxc6 14. Qg4 Bf6 15. Rd1 Nd5 16. Ne4 h6 17. Qf3 O-O 18. Nxf6+ Qxf6 19. Qxf6 Nxf6 20. Be3 Rab8 21. b3 Nd5 22. Rac1 Rb6 23. Rc4 Ra6 24. Rd2 Rb8 25. g3 Kf8 26. Bf4 Nxf4 27. gxf4 Ke7 28. Kf1 Rb5 29. Ke2 Rh5 30. Rdc2 Kd6 31. Rb4 Rxh2 32. Rb7 f5 33. Rxg7 h5 34. Kf3 h4 35. Rh7 Rh3+ 36. Kg2 Rd3 37. Re2 Rxd4 38. Rxh4 Re4 39. Rd2+ Kc5 40. Rh3 Rd4 41. Rc3+ Kd5 42. Rcc2 c5 43. Kf3 Ra5 44. Ke3 e5 45. fxe5 Kxe5 46. Rxd4 cxd4+ 47. Kd3 Kd5 48. a4 Ra6 49. Rc4 Rb6 50. Rxd4+ Ke5 51. b4 f4 52. Re4+ Kf5 53. f3 Rh6 54. Rc4 Rh3 55. Ke2 Rh2+ 56. Kf1 Ra2 57. Rc5+ Kg6 58. a5 Rb2 59. b5 Ra2 60. a6 Rb2 61. Kg1 Kf6 62. Kf1 Ke6 63. Rc7 Rxb5 64. Rxa7 Rb3 65. Rb7 Rxf3+ 66. Ke2 Ra3 67. a7 Kf5 68. Kf2 Ra2+ 69. Kf3 Ra3+ 70. Kf2 Ke4 71. Re7+ Kf5 72. Rf7+ Ke5 73. Re7+ Kf6 74. Rb7 Ke6 75. Ke2 Kd6 76. Kf2 Ra4 77. Kf3 Ke5 78. Re7+ Kf6 79. Rb7 Kg5 80. Rg7+ Kf6 81. Rb7 Ke6 82. Rb6+ Kd5 83. Rb7 Kc6 84. Rf7 Kb6 85. Rxf4 Rxa7 86. Rf6+ Kc5 87. Rf4 Kd5 88. Rf8 Ra4 89. Kg3 Ke5 90. Kg2 Ra3 91. Kg1 Ra2 92. Rf2 Ra3 93. Kg2 Ke4 94. Rf8 Ra2+ 95. Kg3 Ra1 96. Re8+ Kf5 97. Rf8+ Kg5 98. Rg8+ Kf6 99. Rf8+ Kg7 100. Rf4 Ra3+ 101. Kf2 Ra6 102. Rf3 Kg6 103. Kg2 Kg5 104. Kf2 Kg4 105. Rb3 Ra2+ 106. Ke3 Rg2 107. Kd4 Rd2+ 108. Kc4 Rf2 109. Kc3 Kf5 110. Kb4 Ke5 111. Kc3 Rf4 112. Rb4 Rf3+ 113. Kc2 Kd5 114. Rh4 Kc5 115. Kd2 Rf2+ 116. Ke3 Ra2 117. Kd3 Ra3+ 118. Kc2 Ra2+ 119. Kb3 Ra7 120. Kc3 Ra3+ 121. Kb2 Rg3 122. Kc2 Kd5 123. Kd2 Ke5 124. Ke2 Ra3 125. Rb4 Kd5 126. Kd2 Kc5 127. Rg4 Ra2+ 128. Ke3 Ra3+ 129. Kd2 Rf3 130. Ke2 Rf7 131. Kd2 Rd7+ 132. Kc2 Kb5 133. Kb2 Rc7 134. Rh4 Kc5 135. Rh3 Kd4 1/2-1/2


[Site "https://www.chess.com"]

[Event "Titled Tuesday Blitz August 08 Early 2023"]
[White "Keleberda, Tymur"]
[Black "Osiecki, Stanislaw"]
[WhiteFideId "14174294"]
[BlackFideId "1102990"]
[WhiteElo "2534"]
[BlackElo "2011"]
[Result "1-0"]
[Round "1"]
[TimeControl "180+1"]
[Date "2023.08.08"]
[WhiteClock "0:01:48"]
[BlackClock "0:01:32"]
[Board "264"]

1. d4 Nf6 2. c4 g6 3. g3 Bg7 4. Bg2 d6 5. Nc3 O-O 6. e4 Nbd7 7. Be3 e5 8. Nge2 Ng4 9. Bc1 f5 10. h3 Ngf6 11. exf5 gxf5 12. dxe5 dxe5 13. O-O Kh8 14. Bg5 h6 15. Bh4 c6 16. Qc2 Nc5 17. Rad1 Qc7 18. b4 Na6 19. a3 Be6 20. Nb1 Rad8 21. Nd2 Qf7 22. Nf3 e4 23. Ne5 Qh5 24. Nf4 Qe8 25. Neg6+ Kg8 26. Nxf8 Kxf8 27. Rxd8 1-0


[Site "https://www.chess.com"]

[Event "Titled Tuesday Blitz August 08 Early 2023"]
[White "Wisniowski, Natalie"]
[Black "Salman, Pavel"]
[WhiteFideId "30929261"]
[BlackFideId "24153753"]
[WhiteElo "2006"]
[BlackElo "2533"]
[Result "0-1"]
[Round "1"]
[TimeControl "180+1"]
[Date "2023.08.08"]
[WhiteClock "0:00:00"]
[BlackClock "0:00:39"]
[Board "265"]

1. e4 c5 2. d4 cxd4 3. c3 Nf6 4. e5 Nd5 5. Nf3 e6 6. cxd4 b6 7. Nc3 Nxc3 8. bxc3 Qc7 9. Qb3 Be7 10. Bd3 Ba6 11. Bxa6 Nxa6 12. O-O O-O 13. Ba3 d5 14. Rac1 Rfc8 15. Nd2 Qb7 16. c4 Bxa3 17. Qxa3 Nc7 18. Qf3 Qa6 19. Rc2 dxc4 20. Nxc4 Nd5 21. Qb3 h6 22. Rfc1 b5 23. Nd6 Rxc2 24. Rxc2 b4 25. h3 Rb8 26. Qf3 Rf8 27. Qb3 Qb6 28. Kh2 Qxd4 29. Re2 Nf4 30. Re3 Qd5 31. Qxd5 Nxd5 32. Rb3 a5 33. Nb7 a4 34. Rb1 Rb8 35. Nc5 Nc3 36. Re1 a3 0-1


[Site "https://www.chess.com"]

[Event "Titled Tuesday Blitz August 08 Early 2023"]
[White "Aarav Dengla"]
[Black "Tharushi, T H D Niklesha"]
[WhiteFideId "45059756"]
[BlackFideId "9918264"]
[WhiteElo "2532"]
[BlackElo "2001"]
[Result "1-0"]
[Round "1"]
[TimeControl "180+1"]
[Date "2023.08.08"]
[WhiteClock "0:00:17"]
[BlackClock "0:00:14"]
[Board "266"]

1. b3 Nf6 2. Bb2 e6 3. d3 d5 4. Nd2 c5 5. g3 Nc6 6. Bg2 Bd6 7. e4 d4 8. h3 e5 9. Ne2 h5 10. Ng1 Ne7 11. a4 Ng6 12. h4 Ng4 13. Nc4 Bc7 14. Nf3 a6 15. Qd2 b6 16. Bh3 Rb8 17. Qe2 b5 18. Ncd2 Bd7 19. axb5 axb5 20. b4 cxb4 21. Nb3 Bd6 22. Qd2 Qf6 23. Bg2 Qe7 24. Bh3 O-O 25. Bxg4 Bxg4 26. Nh2 Be6 27. Qe2 Bxb3 28. cxb3 Qe6 29. Qxh5 Qxb3 30. Qe2 Rfc8 31. Rc1 Rxc1+ 32. Bxc1 Rc8 33. O-O Rc2 34. Qg4 Qxd3 35. h5 Nf8 36. Bh6 g6 37. Bxf8 Kxf8 38. hxg6 fxg6 39. Qxg6 Ke7 40. Ng4 Kd7 41. Qf5+ Kc6 42. Qc8+ Kb6 43. Qd8+ Kc6 44. Nf6 b3 45. Qd7+ Kc5 46. Qc8+ Kb4 47. Nd5+ Ka3 48. Qa6+ Kb2 49. Qa1# 1-0


[Site "https://www.chess.com"]

[Event "Titled Tuesday Blitz August 08 Early 2023"]
[White "Verony64"]
[Black "LangesNasenhaar"]
[WhiteElo "2000"]
[BlackElo "2531"]
[Result "0-1"]
[Round "1"]
[TimeControl "180+1"]
[Date "2023.08.08"]
[WhiteClock "0:01:47"]
[BlackClock "0:00:36"]
[Board "267"]

1. d4 g6 2. c4 Bg7 3. Nc3 c5 4. d5 Bxc3+ 5. bxc3 f5 6. e4 fxe4 7. g3 d6 8. Bg2 Qa5 9. Qc2 Nf6 10. Ne2 Nbd7 11. O-O Nb6 12. Bxe4 Nxc4 13. Bxg6+ hxg6 14. Qxg6+ Kd8 15. Bg5 Rg8 16. Qh6 Qc7 17. Bxf6 exf6 18. Qxf6+ Qe7 19. Qf3 Nd2 20. Qd3 Nxf1 21. Rxf1 Bh3 22. Rb1 Qd7 23. Nf4 Bf5 24. Qd1 Bxb1 25. Qxb1 Re8 26. Qg6 Kc7 27. Ne6+ Rxe6 28. dxe6 Qc6 29. Qf7+ Kb6 30. e7 Re8 31. f4 Qd7 32. Qb3+ Kc7 33. Qa3 Qxe7 34. Qa5+ Kb8 0-1


[Site "https://www.chess.com"]

[Event "Titled Tuesday Blitz August 08 Early 2023"]
[White "Ismagilov, Damir"]
[Black "Saim, Mohamed Ilias"]
[WhiteFideId "34199982"]
[BlackFideId "7900465"]
[WhiteElo "2531"]
[BlackElo "1981"]
[Result "1-0"]
[Round "1"]
[TimeControl "180+1"]
[Date "2023.08.08"]
[WhiteClock "0:00:03"]
[BlackClock "0:00:00"]
[Board "268"]

1. d4 Nf6 2. c4 e6 3. Nc3 Bb4 4. e3 b6 5. Ne2 Bb7 6. a3 Be7 7. d5 exd5 8. cxd5 O-O 9. g3 d6 10. Bg2 Nbd7 11. O-O Re8 12. e4 Bf8 13. Nd4 g6 14. b4 a5 15. Bb2 Bg7 16. Re1 Ne5 17. Bf1 Bc8 18. h3 Bd7 19. f4 axb4 20. axb4 Rxa1 21. Bxa1 Nh5 22. Nce2 c5 23. fxe5 cxd4 24. g4 Bxe5 25. gxh5 Qh4 26. Bxd4 Bxh3 27. Bxh3 Qxh3 28. Bxe5 Rxe5 29. Kf2 Rxe4 30. Ng3 Rg4 31. Qf3 Qh4 32. Re8+ Kg7 33. Kg2 Rf4 34. Qc3+ Kh6 35. Qe3 1-0


[Site "https://www.chess.com"]

[Event "Titled Tuesday Blitz August 08 Early 2023"]
[White "Castillo Pena, Patricia Evarista"]
[Black "Pinero Rodriguez, Carlos Jose"]
[WhiteFideId "6412106"]
[BlackFideId "3901726"]
[WhiteElo "1941"]
[BlackElo "2530"]
[Result "0-1"]
[Round "1"]
[TimeControl "180+1"]
[Date "2023.08.08"]
[WhiteClock "0:00:00"]
[BlackClock "0:00:39"]
[Board "269"]

1. d4 Nf6 2. Nf3 e6 3. e3 c5 4. Bd3 b6 5. O-O Bb7 6. Nbd2 Qc7 7. b3 d6 8. Bb2 Nbd7 9. c4 a6 10. Rc1 Be7 11. Qe2 h6 12. e4 cxd4 13. Bxd4 O-O 14. b4 Rac8 15. h3 Rfd8 16. Rfd1 Ne5 17. Bb1 Nfd7 18. Qe3 Bf6 19. Nxe5 Bxe5 20. Nf3 Bxd4 21. Qxd4 Nf8 22. Qe3 Rd7 23. c5 dxc5 24. Rxd7 Nxd7 25. e5 Bxf3 26. Qxf3 Qxe5 27. Qd3 Nf6 28. Qxa6 Qc7 29. bxc5 bxc5 30. Qd3 c4 31. Qc2 Qa5 32. g3 g6 33. Qb2 Kg7 34. g4 c3 35. Qb7 Qc5 36. Bc2 Rc7 37. Qb8 Nd5 38. Bb3 Nf4 39. Rc2 Nxh3+ 40. Kg2 Nf4+ 41. Kg1 g5 0-1


[Site "https://www.chess.com"]

[Event "Titled Tuesday Blitz August 08 Early 2023"]
[White "Berezin, Viktor"]
[Black "sasvathaa"]
[WhiteFideId "14107872"]
[WhiteElo "2530"]
[BlackElo "1911"]
[Result "1-0"]
[Round "1"]
[TimeControl "180+1"]
[Date "2023.08.08"]
[WhiteClock "0:01:47"]
[BlackClock "0:02:05"]
[Board "270"]

1. d4 Nf6 2. Nf3 e6 3. c4 d5 4. g3 dxc4 5. Qa4+ Bd7 6. Qxc4 Bc6 7. Bg2 Bd5 8. Qc2 Nbd7 9. Nc3 Bc6 10. O-O b6 11. e4 Bb4 12. d5 exd5 13. exd5 Bxd5 14. Nxd5 Nxd5 15. Qe4+ Qe7 16. Qxd5 O-O 17. Bf4 c5 18. a3 1-0


[Site "https://www.chess.com"]